 Dungeon Crawl Stone Soup version 0.25-a0-578-gc91f01c39c (webtiles) character file.

Game seed: 12643644913090244691, levelgen mode: deterministic

375948 inmateoo the Black Belt (level 22, -5/155 HPs)
             Began as an Octopode Venom Mage on Mar 8, 2020.
             Was the Champion of Cheibriados.
             Slain by Mennas
             ... wielding a +5 sacred scourge of holy wrath
              (21 damage)
             ... on level 4 of the Vaults.
             The game lasted 01:22:17 (38595 turns).

inmateoo the Black Belt (Octopode Venom Mage)      Turns: 38595, Time: 01:22:18

Health: -5/155     AC:  4    Str: 37    XL:     22   Next: 40%
Magic:  33/33      EV: 33    Int: 39    God:    Cheibriados [******]
Gold:   4466       SH:  8    Dex: 40    Spells: 10/53 levels left

rFire    + + +     SeeInvis .     - Unarmed
rCold    + + .     Gourm    .   f - +0 buckler of Indecent Exposure {rF+ Regen+ Dex+6}
rNeg     + + .     Faith    .   E - -2 hat of the Alchemist {rElec rPois rF+ rC+ rN+ MR+ rMut rCorr}
rPois    +         Spirit   .   s - amulet of Lesser Demons {MR+ Regen+ Stlth+}
rElec    +         Reflect  .   G - ring of protection from magic
rCorr    +         Harm     .   O - ring of protection from magic
rMut     +                      U - ring "Emeoxyes" {rPois rN+ MR- Slay+2 Stlth+}
MR       ++++.                  Y - ring "Ugyloar" {Wiz rPois MP-9 Str+3 Dex+5}
Stlth    +++.......             D - ring "Jaxkiasm" {*Contam rPois rC+ AC+3 Slay+4}
HPRegen  1.15/turn              K - ring of protection from fire
MPRegen  0.23/turn              M - +6 ring of strength
                                g - ring "Tomnig" {AC+2 Str+4}

@: glowing, studying Dodging, silenced, deflect missiles, very slow
A: almost no armour, stealthy swim, amphibious, 8 rings, constrict 8, camouflage
1, gelatinous body 1
}: 3/15 runes: barnacled, slimy, gossamer
a: Renounce Religion


You were on level 4 of the Vaults.
You worshipped Cheibriados.
Cheibriados was exalted by your worship.
You were very full.

You visited 7 branches of the dungeon, and saw 40 of its levels.
You also visited: Gauntlet and Ice Cave.

You collected 6461 gold pieces.
You spent 1995 gold pieces at shops.

Inventory:

Missiles
 k - 65 javelins (quivered)
 y - 12 throwing nets
Armour
 f - the +0 buckler of Indecent Exposure (worn) {rF+ Regen+ Dex+6}
   (You acquired it on level 3 of the Spider Nest)

   It affects your dexterity (+6).
   It protects you from fire.
   It increases your rate of regeneration.
 E - the -2 hat of the Alchemist (worn) {rElec rPois rF+ rC+ rN+ MR+ rMut rCorr}
   (You found it in a Gauntlet)

   It protects you from fire.
   It protects you from cold.
   It insulates you from electricity.
   It protects you from poison.
   It protects you from negative energy.
   It affects your resistance to hostile enchantments.
   It provides partial protection from all sources of acid and corrosion.
   It protects you from mutation.
   If you remove this armour, your AC will increase by 2 (4 -> 6).
Magical Staves
 C - an uncursed staff of earth
Jewellery
 g - the ring "Tomnig" (on tentacle) {AC+2 Str+4}
   (You acquired it on level 3 of the Spider Nest)

   [ring of protection]

   It affects your AC (+2).
   It affects your strength (+4).
 n - an uncursed ring of magical power
 s - the amulet of Lesser Demons (around mantle) {MR+ Regen+ Stlth+}
   (You found it on level 14 of the Dungeon)

   [amulet of regeneration]

   It affects your resistance to hostile enchantments.
   It increases your rate of regeneration.
   It makes you more stealthy.
 D - the ring "Jaxkiasm" (on tentacle) {*Contam rPois rC+ AC+3 Slay+4}
   (You found it on level 14 of the Dungeon)

   [ring of protection]

   It affects your AC (+3).
   It affects your accuracy and damage with ranged weapons and melee attacks
   (+4).
   It protects you from cold.
   It protects you from poison.
   It causes magical contamination when unequipped.
 G - a ring of protection from magic (left tentacle)
 K - a ring of protection from fire (on tentacle)
 M - a +6 ring of strength (on tentacle)
 O - a ring of protection from magic (right tentacle)
 R - a +3 ring of strength
 U - the ring "Emeoxyes" (on tentacle) {rPois rN+ MR- Slay+2 Stlth+}
   (You found it on level 12 of the Dungeon)

   [ring of stealth]

   It affects your accuracy and damage with ranged weapons and melee attacks
   (+2).
   It protects you from poison.
   It protects you from negative energy.
   It affects your resistance to hostile enchantments.
   It makes you more stealthy.
 Y - the ring "Ugyloar" (on tentacle) {Wiz rPois MP-9 Str+3 Dex+5}
   (You found it in a Gauntlet)

   [ring of wizardry]

   It improves your spell success rate.
   It affects your strength (+3).
   It affects your dexterity (+5).
   It protects you from poison.
   It affects your magic capacity (-9).
Wands
 d - a wand of acid (33)
 e - a wand of flame (89)
 m - a wand of paralysis (26)
 o - a wand of enslavement (15)
 t - a wand of iceblast (65)
 H - a wand of digging (2)
 N - a wand of clouds (6)
 P - a wand of disintegration (28)
Scrolls
 p - 5 scrolls of magic mapping
 r - 17 scrolls of remove curse
 v - 26 scrolls of identify
 w - 3 scrolls of blinking
 A - 7 scrolls of fear
 B - 5 scrolls of immolation
 W - 15 scrolls of teleportation
 X - 4 scrolls of fog
 Z - 6 scrolls of amnesia
Potions
 a - 9 potions of flight
 c - 4 potions of cancellation
 h - 6 potions of mutation
 i - 20 potions of curing
 j - 2 potions of invisibility
 l - 5 potions of lignification
 q - 8 potions of might
 u - 7 potions of ambrosia
 z - 3 potions of brilliance
 I - 4 potions of magic
 J - 3 potions of heal wounds
Books
 L - a manual of Dodging
Miscellaneous
 x - a phial of floods
 F - a lamp of fire
 Q - a box of beasts
Comestibles
 b - 55 rations


   Skills:
 + Level 14.7 Fighting
 + Level 14.4 Dodging
 - Level 4.1 Stealth
 - Level 4.0 Shields
 - Level 18.0 Unarmed Combat
 + Level 16.2 Spellcasting
 - Level 6.0 Charms
 - Level 10.0 Transmutations
 - Level 6.0 Air Magic
 + Level 16.9 Earth Magic
 - Level 5.1 Poison Magic
 - Level 10.0 Invocations


You had 10 spell levels left.
You knew the following spells:

 Your Spells              Type           Power        Failure   Level  Hunger
a - Statue Form           Tmut/Erth      #######..    1%          6    None
b - Apportation           Tloc           ####..       1%          1    None
c - Ignite Poison         Fire/Tmut/Pois ######..     1%          3    None
d - Mephitic Cloud        Conj/Pois/Air  ######..     1%          3    None
e - Olgreb's Toxic Radia  Pois           ######..     1%          4    None
f - Passwall              Tmut/Erth      #######.     0%          2    None
g - Lee's Rapid Deconstr  Erth           ########..   1%          5    None
h - Summon Lightning Spi  Summ/Air       ######..     1%          4    None
i - Deflect Missiles      Chrm/Air       ######....   5%          6    None
j - Shatter               Erth           ########..   36%         9    ######.

Your spell library contained the following spells:

 Spells                   Type           Power        Failure   Level  Hunger
 Sandblast                Erth           ######       0%          1    None
 Animate Skeleton         Necr           N/A          1%          1    None
 Corona                   Hex            ####...      1%          1    None
 Freeze                   Ice            ####         1%          1    None
 Infusion                 Chrm           ####         1%          1    None
 Magic Dart               Conj           ####         1%          1    None
 Pain                     Necr           ####         1%          1    None
 Shock                    Conj/Air       ####         1%          1    None
 Sting                    Tmut/Pois      ####         1%          1    None
 Summon Butterflies       Summ           ####....     1%          1    None
 Summon Small Mammal      Summ           ####         1%          1    None
 Blink                    Tloc           N/A          1%          2    None
 Call Imp                 Summ           ####....     1%          2    None
 Corpse Rot               Necr/Air       N/A          1%          2    None
 Poisonous Vapours        Pois/Air       ######       1%          2    None
 Searing Ray              Conj           ####..       1%          2    None
 Shroud of Golubria       Chrm/Tloc      ######       1%          2    None
 Slow                     Hex            ####....     1%          2    None
 Song of Slaying          Chrm           ######..     1%          2    None
 Sublimation of Blood     Necr           ####......   1%          2    None
 Call Canine Familiar     Summ           ####....     1%          3    None
 Confusing Touch          Hex            ####....     1%          3    None
 Conjure Flame            Conj/Fire      ####....     1%          3    None
 Dazzling Flash           Conj/Hex       ####..       1%          3    None
 Frozen Ramparts          Ice            ####..       1%          3    None
 Gell's Gravitas          Tloc           ####......   1%          3    None
 Inner Flame              Hex/Fire       ####....     1%          3    None
 Lesser Beckoning         Tloc           ####......   1%          3    None
 Ozocubu's Armour         Chrm/Ice       ######..     1%          3    None
 Spectral Weapon          Hex/Chrm       ######..     1%          3    None
 Stone Arrow              Conj/Erth      ######       1%          3    None
 Summon Guardian Golem    Hex/Summ       ####....     1%          3    None
 Tukima's Dance           Hex            ####....     1%          3    None
 Ice Form                 Ice/Tmut       ######..     1%          4    None
 Leda's Liquefaction      Hex/Erth       #######...   1%          4    None
 Petrify                  Tmut/Erth      #######.     1%          4    None
 Alistair's Intoxication  Tmut/Pois      ######..     1%          5    None
 Bolt of Magma            Conj/Fire/Erth ######....   1%          5    None
 Irradiate                Conj/Tmut      ######....   1%          5    None
 Yara's Violent Unravell  Hex/Tmut       ######....   1%          5    None
 Hydra Form               Tmut           #######...   1%          6    None
 Iron Shot                Conj/Erth      #######...   1%          6    None
 Excruciating Wounds      Chrm/Necr      ######....   3%          5    None
 Iskenderun's Battlesphe  Conj/Chrm      ######..     3%          5    None
 Silence                  Hex/Air        ######....   3%          5    None
 Cause Fear               Hex            ####......   4%          4    None
 Dispel Undead            Necr           ####....     4%          4    None
 Fulminant Prism          Conj/Hex       ####......   4%          4    None
 Hailstorm                Conj/Ice       ####....     4%          4    None
 Iskenderun's Mystic Bla  Conj/Tloc      ####....     4%          4    None
 Summon Ice Beast         Ice/Summ       ####....     4%          4    None
 Dragon Form              Tmut           #######...   6%          7    ###....
 Agony                    Necr           ####....     12%         5    None
 Metabolic Englaciation   Hex/Ice        ####......   12%         5    None
 Summon Mana Viper        Hex/Summ       ####....     12%         5    None
 Freezing Cloud           Conj/Ice/Air   #####.....   26%         6    None
 Invisibility             Hex            ####....     50%         6    None
 Ozocubu's Refrigeration  Ice            ####......   50%         6    None
 Simulacrum               Ice/Necr       ####......   50%         6    None
 Orb of Destruction       Conj           ####......   96%         7    ###....
 Spellforged Servitor     Conj/Summ      ####......   96%         7    ###....
 Summon Hydra             Summ           ####......   96%         7    ###....
 Discord                  Hex            ####......   100%        8    #####..


Dungeon Overview and Level Annotations

Branches:
Dungeon (15/15)            Temple (0/1) D:6            Lair (6/6) D:8
 Shoals (4/4) Lair:2       Spider (4/4) Lair:2        Slime (5/5) Lair:6
    Orc (2/2) D:9             Elf (0/3) Orc:2        Vaults (4/5) D:14
  Crypt (0/3) Vaults:3     Depths (0/5) D:15          IceCv (visited)
Gauntlet (visited)

Altars:
Ashenzari
Cheibriados
Dithmenos
Fedhas
Hepliaklqana
Kikubaaqudgha
Okawaru
Ru
Trog
Vehumet
Wu Jian
Xom
Yredelemnul
Zin
The Shining One
Jiyva

Shops:
D:6 ?:?   D:9 [   Orc:1 [   Orc:2 =[*(   Vaults:4 !

Portals:
Trove: D:11 (give horn of Geryon)

Annotations:
D:6 1 runed translucent door, EnegeticOcto's ghost, novice DDFi
Vaults:4 Mennas


Innate Abilities, Weirdness & Mutations

You cannot wear most types of armour.
You are very stealthy in the water. (Stealth+)
You are amphibious.
You can wear up to eight rings at the same time.
You can use your tentacles to constrict eight enemies at once.
Your skin changes colour to match your surroundings (Stealth+).
Your rubbery body absorbs attacks. (AC +1, EV +1)


Message History

Unknown command.
You feel much better.
Mennas hits you with a +5 sacred scourge of holy wrath!
* * * LOW HITPOINT WARNING * * *
You block Mennas's attack. x2; Mennas misses you.
You feel much better.
Mennas blocks your larval batfire beast's attack.
Your larval fireox beast hits Mennas!
Mennas blocks your larval fireox beast's attack.
Your larval shockox beast misses Mennas.
Mennas blocks your larval shockox beast's attack.
Mennas hits you with a +5 sacred scourge of holy wrath!!
* * * LOW HITPOINT WARNING * * *
Mennas hits you with a +5 sacred scourge of holy wrath!
* * * LOW HITPOINT WARNING * * *
You feel much better.
Mennas hits you with a +5 sacred scourge of holy wrath!!
* * * LOW HITPOINT WARNING * * *
Mennas hits you with a +5 sacred scourge of holy wrath!!
You die...

#..########...# #.....
#..# +...# #..... #...#
#..... #...# #.....
#...# +..... #...#
#.....
#(.)##########.....
######.H................
.....)A@................
......HH................
........................
........................
........................
########################


You could see Mennas and 3 friendly mutant beasts.

Vanquished Creatures
  the Royal Jelly (Slime:5)
  Mara (Spider:4)
  A kraken (Shoals:1)
  14 acid blobs
  A storm dragon (Vaults:1)
  A tengu reaver (Vaults:4)
  Donald (Vaults:4)
  12 azure jellies
  2 emperor scorpions
  3 fire giants
  2 frost giants (Vaults:3)
  A deep elf sorcerer (Vaults:1)
  6 ghost moths
  19 vault wardens
  The ghost of EnegeticOcto the Champion of Chaos, a journeyman DDFi of Makhleb (Spider:1)
  An orc warlord (Orc:2)
  15 ironheart preservers
  5 stone giants
  A war gargoyle (Vaults:1)
  6 entropy weavers
  A very ugly thing (Vaults:3)
  A deep elf demonologist (Vaults:1)
  2 vampire knights
  A minotaur (Gauntlet)
  5 spark wasps
  3 ettins (Orc:2)
  A deep elf death mage (Vaults:1)
  4 merfolk javelineers
  10 death oozes
  A fire dragon (Vaults:3)
  10 merfolk impalers
  69 slime creatures
  8 great orbs of eyes
  7 yaktaur captains
  3 ice dragons
  7 vault guards
  6 hydras
  A catoblepas (D:14)
  3 merfolk avatars (Shoals:4)
  3 centaur warriors
  7 merfolk aquamancers
  9 ogre magi
  2 death knights
  12 two-headed ogres
  7 satyrs
  2 alligator snapping turtles (Shoals:4)
  3 tengu warriors
  2 deep troll shamans (Vaults:2)
  Urug (Lair:2)
  An orc high priest (Orc:2)
  A vampire mage (D:13)
  8 dancing weapons (Spider:1)
  9 deep elf knights
  A fire crab (shapeshifter) (Vaults:3)
  A shadow wraith (Vaults:2)
  A flayed ghost (Vaults:3)
  2 unseen horrors (shapeshifter)
  10 deep trolls
  2 wizards
  5 deep elf archers
  2 phantasmal warriors
  4 unseen horrors
  13 orc knights
  7 sea snakes
  10 ironbrand convokers
  8 harpies
  3 shining eyes (Slime:2)
  A necromancer (IceCv)
  16 orb spiders
  7 manticores
  20 cyclopes
  25 ugly things
  37 wolf spiders
  20 deep elf magi
  An orc sorcerer (D:15)
  19 fauns
  A moth of wrath (Spider:4)
  An ice statue (IceCv)
  9 elephants
  5 water nymphs
  4 black mambas
  10 merfolk sirens
  A naga mage (D:15)
  A smoke demon (Gauntlet)
  A spiny frog (shapeshifter) (Vaults:1)
  3 gargoyles
  16 vault sentinels
  13 spiny frogs
  3 torpor snails
  A titan simulacrum (Vaults:3)
  35 yaktaurs
  6 komodo dragons
  3 rime drakes
  18 demonic crawlers
  16 freezing wraiths
  A small abomination (Vaults:1)
  2 ice devils (Lair:6)
  A troll (shapeshifter) (Vaults:2)
  A red devil (Gauntlet)
  10 trolls
  6 polar bears
  A hornet (shapeshifter) (Vaults:3)
  A queen bee (Lair:6)
  36 merfolk
  2 wind drakes (shapeshifter)
  4 meliai
  6 wind drakes
  Prince Ribbit (D:8)
  33 jumping spiders
  9 hornets
  10 hippogriffs
  5 dream sheep
  5 snapping turtles
  9 blink frogs
  Sigmund (D:2)
  28 flying skulls
  4 wraiths
  2 shadows
  66 redbacks
  14 spriggans
  48 tarantellas
  11 vampires
  A ynoxinul (Gauntlet)
  18 water elementals
  6 wyverns
  33 yaks
  4 basilisks
  5 golden eyes (Slime:2)
  3 hungry ghosts
  3 vampire mosquitoes (D:15)
  A death yak simulacrum (IceCv)
  Menkaure (D:6)
  A steam dragon (D:12)
  4 wargs
  A soldier ant (D:15)
  2 acid dragons
  13 porcupines
  7 water moccasins
  4 black bears
  37 orc warriors
  8 ice beasts
  5 sky beasts
  3 eyes of draining
  3 necrophages (D:8)
  26 ogres
  13 boggarts
  25 wolves
  4 phantoms
  9 centaurs
  9 crocodiles
  A big kobold (D:9)
  20 bullfrogs
  Blork the orc (D:5)
  5 scorpions
  A hornet simulacrum (D:15)
  11 killer bees (Lair:6)
  An elephant simulacrum (IceCv)
  4 wights
  10 crimson imps
  A gnoll shaman (D:7)
  4 centaur zombies
  4 iron imps (Gauntlet)
  3 draconian simulacra (IceCv)
  7 hounds
  6 centaur skeletons
  7 human zombies (D:13)
  18 orc priests
  9 jellies
  9 orc wizards
  7 iguanas
  13 worker ants
  A hell rat (D:13)
  A polar bear simulacrum (IceCv)
  2 troll simulacra (IceCv)
  3 spriggan simulacra (IceCv)
  A killer bee zombie (D:8)
  A wolf simulacrum (IceCv)
  2 centaur simulacra (IceCv)
  A hound skeleton (D:8)
  A worker ant zombie (D:5)
  A howler monkey skeleton (D:5)
  4 gnolls (D:7)
  12 adders
  3 naga simulacra (IceCv)
  7 ogre simulacra (IceCv)
  5 shadow imps
  12 white imps (IceCv)
  7 oozes
  2 adder skeletons
  An adder zombie (D:8)
  3 worms
  A dart slug (D:3)
  5 leopard geckos
  105 orcs
  2 ball pythons
  19 bats
  3 giant cockroaches
  16 goblins
  9 hobgoblins
  14 jackals
  9 kobolds
  5 quokkas
  5 frilled lizards
  2 jackal zombies
  A quokka zombie (D:8)
  11 rats
  A fungus (Lair:5)
  A plant (Shoals:1)
1653 creatures vanquished.

Vanquished Creatures (collateral kills)
  2 slime creatures (Slime:2)
2 creatures vanquished.

Vanquished Creatures (others)
  A sphinx (Vaults:2)
  A tarantella (Spider:4)
  A warg (Orc:2)
  11 demonic plants (Gauntlet)
  34 fungi
  16 plants
  4 tentacles (Shoals:1)
  6 withered plants
74 creatures vanquished.

Grand Total: 1729 creatures vanquished

Notes
Turn   | Place    | Note
-------+----------+-------------------------------------------
     0 | D:1      | inmateoo the Octopode Venom Mage began the quest for the
                  | Orb.
     0 | D:1      | Reached XP level 1. HP: 11/11 MP: 3/3
   161 | D:1      | Reached XP level 2. HP: 12/17 MP: 1/5
   854 | D:1      | Reached XP level 3. HP: 22/22 MP: 4/6
   860 | D:1      | Learned a level 2 spell: Poisonous Vapours
   864 | D:1      | Learned a level 3 spell: Ignite Poison
  1337 | D:2      | Found a hazy altar of Hepliaklqana.
  1341 | D:2      | Found a blossoming altar of Fedhas.
  1648 | D:2      | Noticed Sigmund
  1662 | D:2      | HP: 1/22 [something (11)]
  2290 | D:2      | Reached skill level 1 in Unarmed Combat
  2403 | D:2      | Reached XP level 4. HP: 22/27 MP: 5/7
  2486 | D:2      | Reached skill level 1 in Fighting
  3075 | D:2      | Killed Sigmund
  3075 | D:2      | Reached XP level 5. HP: 26/34 MP: 0/9
  3075 | D:2      | Reached XP level 6. HP: 30/39 MP: 0/10
  3326 | D:3      | Learned a level 3 spell: Mephitic Cloud
  3398 | D:3      | Reached skill level 2 in Unarmed Combat
  3562 | D:3      | Found a shimmering altar of Xom.
  3778 | D:3      | Found an iron altar of Okawaru.
  3888 | D:3      | Found a basalt altar of Yredelemnul.
  3894 | D:3      | Found a glowing golden altar of the Shining One.
  3898 | D:3      | Noticed an angel
  4570 | D:4      | Reached XP level 7. HP: 45/45 MP: 11/11
  4630 | D:4      | Reached skill level 5 in Poison Magic
  5134 | D:5      | Entered Level 5 of the Dungeon
  5343 | D:5      | Reached skill level 3 in Unarmed Combat
  5505 | D:5      | Got a brightly glowing flail
  5521 | D:5      | Reached XP level 8. HP: 23/52 MP: 14/14
  5527 | D:5      | Learned a level 4 spell: Olgreb's Toxic Radiance
  5771 | D:5      | Found a shattered altar of Ashenzari.
  5772 | D:5      | Found an ornate altar of the Wu Jian Council.
  5942 | D:5      | Found a snail-covered altar of Cheibriados.
  6039 | D:5      | Became a worshipper of Cheibriados the Contemplative
  6050 | D:5      | Identified the +5 flail of Wouwniosch {vorpal, +Inv +Fly
                  | rF+} (You found it on level 5 of the Dungeon)
  6278 | D:5      | Noticed Blork the orc
  6532 | D:5      | Killed Blork the orc
  7212 | D:5      | Reached skill level 4 in Unarmed Combat
  7251 | D:6      | Found Xen Orro's Magic Scroll Emporium.
  7251 | D:6      | Found Lagops's Book Boutique.
  7264 | D:6      | Found a glowing silver altar of Zin.
  7284 | D:6      | Reached skill level 5 in Dodging
  7311 | D:6      | Reached * piety under Cheibriados
  7311 | D:6      | Reached skill level 5 in Spellcasting
  7319 | D:6      | Noticed Menkaure
  7402 | D:6      | Reached skill level 5 in Fighting
  7402 | D:6      | Reached XP level 9. HP: 51/61 MP: 4/17
  8188 | D:6      | Found a runed translucent door.
  8188 | D:6      | Noticed EnegeticOcto's ghost (novice DDFi)
  8231 | D:6      | Killed Menkaure
  8243 | D:6      | Found a staircase to the Ecumenical Temple.
  8318 | D:6      | Found Mywotit's Magic Scroll Shop.
  8544 | D:6      | Bought a book of Geomancy for 350 gold pieces
  8549 | D:6      | Learned a level 3 spell: Stone Arrow
  8699 | D:7      | Reached ** piety under Cheibriados
  8699 | D:7      | Reached skill level 1 in Earth Magic
  8729 | D:7      | You fall into a shaft and drop 3 floors!
  8729 | D:10     | Entered Level 10 of the Dungeon
  9304 | D:8      | Reached skill level 5 in Earth Magic
  9428 | D:8      | Learned a level 5 spell: Lee's Rapid Deconstruction
  9581 | D:8      | Reached XP level 10. HP: 64/64 MP: 15/20
  9709 | D:8      | Noticed Prince Ribbit
  9713 | D:8      | Killed Prince Ribbit
  9756 | D:8      | Noticed a two-headed ogre
  9760 | D:8      | Killed a two-headed ogre
  9767 | D:8      | Reached *** piety under Cheibriados
  9829 | D:8      | Found a blossoming altar of Fedhas.
 10043 | D:8      | Found a staircase to the Lair.
 10098 | D:8      | Identified a scroll of acquirement
 10098 | D:8      | Identified the +1 hat of Rotation {MR+} (You acquired it on
                  | level 8 of the Dungeon)
 10317 | D:8      | Found a bloodstained altar of Trog.
 10468 | D:7      | Found a sacrificial altar of Ru.
 10469 | D:7      | Found a radiant altar of Vehumet.
 10527 | D:7      | Reached **** piety under Cheibriados
 10552 | D:7      | Found a shadowy altar of Dithmenos.
 11328 | D:9      | Reached XP level 11. HP: 61/70 MP: 16/22
 11434 | D:9      | Found Acextahy's Armour Shop.
 11454 | D:9      | Noticed a two-headed ogre
 11511 | D:9      | Reached skill level 5 in Unarmed Combat
 11527 | D:9      | Killed a two-headed ogre
 11859 | D:9      | Found a staircase to the Orcish Mines.
 11909 | Orc:1    | Entered Level 1 of the Orcish Mines
 11910 | Orc:1    | Found Uprel's Armour Shop.
 12016 | Orc:1    | Reached ***** piety under Cheibriados
 12499 | D:6      | Bought a book of Transfigurations for 550 gold pieces
 13329 | D:11     | Found a portal to a secret trove of treasure.
 13350 | D:11     | Reached skill level 5 in Transmutations
 13590 | D:11     | Noticed a death knight
 14010 | D:6      | Bought a scroll of amnesia for 49 gold pieces
 14018 | D:6      | Learned a level 6 spell: Statue Form
 14075 | Lair:1   | Entered Level 1 of the Lair of Beasts
 14201 | Lair:1   | Reached skill level 10 in Earth Magic
 14746 | Lair:2   | Reached skill level 6 in Unarmed Combat
 14755 | Lair:2   | Reached skill level 1 in Invocations
 14848 | Lair:2   | Reached XP level 12. HP: 22/81 MP: 24/24
 15329 | Lair:2   | Noticed Urug
 15339 | Lair:2   | Killed Urug
 15357 | Lair:2   | Found a staircase to the Shoals.
 15632 | Lair:2   | Found a hole to the Spider Nest.
 16029 | Lair:3   | Reached ****** piety under Cheibriados
 16602 | Lair:4   | Reached skill level 7 in Unarmed Combat
 16797 | Lair:4   | Reached XP level 13. HP: 88/88 MP: 26/26
 17566 | Lair:5   | Reached skill level 10 in Spellcasting
 18278 | Lair:6   | Entered Level 6 of the Lair of Beasts
 18443 | Lair:6   | Found a frozen archway.
 18565 | IceCv    | Entered an ice cave
 18646 | IceCv    | Reached skill level 5 in Invocations
 18947 | IceCv    | Found an ancient bone altar of Kikubaaqudgha.
 19629 | IceCv    | Reached skill level 8 in Unarmed Combat
 19822 | Lair:6   | Found a runed translucent door.
 19822 | Lair:6   | Found a viscous altar of Jiyva.
 19822 | Lair:6   | Found a staircase to the Slime Pits.
 19822 | Lair:6   | Noticed an azure jelly
 19822 | Lair:6   | Noticed an azure jelly
 19955 | Lair:6   | Reached XP level 14. HP: 94/94 MP: 29/29
 20171 | Lair:6   | Got a heavily runed buckler
 20174 | Lair:6   | Got an ichor-stained plate armour
 20189 | Lair:6   | Identified the +1 buckler of the Dwarven Hall {rElec MR++
                  | rCorr Stlth-} (You found it on level 6 of the Lair of
                  | Beasts)
 20299 | Lair:6   | Reached skill level 1 in Shields
 20906 | D:11     | Reached skill level 9 in Unarmed Combat
 21341 | D:12     | Identified the +5 quarterstaff "Zouss" {vorpal, *Corrode
                  | rPois rC+ Str+2} (You found it on level 12 of the Dungeon)
 21597 | D:12     | Got a glittering copper ring
 21604 | D:12     | Identified the ring "Emeoxyes" {rPois rN+ MR- Slay+2
                  | Stlth+} (You found it on level 12 of the Dungeon)
 21912 | D:13     | Reached skill level 10 in Unarmed Combat
 22234 | D:13     | Found an ancient bone altar of Kikubaaqudgha.
 22234 | D:13     | Noticed a vampire knight
 22244 | D:13     | Killed a vampire knight
 22244 | D:13     | Reached skill level 11 in Unarmed Combat
 22502 | D:14     | Found a gate leading to a gauntlet.
 22508 | Gauntlet | Entered a Gauntlet
 22508 | Gauntlet | Found a transporter.
 22509 | Gauntlet | Found a large runed translucent door.
 22510 | Gauntlet | Found a large runed translucent door.
 22511 | Gauntlet | Found a large runed translucent door.
 22511 | Gauntlet | Found a large runed translucent door.
 22511 | Gauntlet | Found a runed translucent door.
 22511 | Gauntlet | Found a runed translucent door.
 22512 | Gauntlet | Found a large runed translucent door.
 22513 | Gauntlet | Found a large runed translucent door.
 22514 | Gauntlet | Found a large runed translucent door.
 22514 | Gauntlet | Found a large runed translucent door.
 22515 | Gauntlet | Found a runed translucent gate.
 22515 | Gauntlet | Found a runed translucent gate.
 22515 | Gauntlet | Found a runed translucent gate.
 22517 | Gauntlet | Found a transporter.
 22526 | Gauntlet | Found a large runed translucent door.
 22526 | Gauntlet | Found a large runed translucent door.
 22527 | Gauntlet | Found a large runed translucent door.
 22528 | Gauntlet | Found a large runed translucent door.
 22532 | Gauntlet | Found a transporter.
 22537 | Gauntlet | Found a transporter.
 22552 | Gauntlet | Found a transporter.
 22571 | Gauntlet | Found a transporter.
 22582 | Gauntlet | Found the -2 hat of the Alchemist {rElec rPois rF+ rC+ rN+
                  | MR+ rMut rCorr}
 22583 | Gauntlet | Found a transporter.
 22595 | Gauntlet | Found the ring of Phasing {EV+8}
 22595 | Gauntlet | Found a transporter.
 22607 | Gauntlet | Found a transporter.
 22619 | Gauntlet | Found a transporter.
 22625 | Gauntlet | Found a transporter.
 22625 | Gauntlet | Found a transporter.
 22664 | Gauntlet | Found a transporter.
 22689 | Gauntlet | Found a transporter.
 22693 | Gauntlet | Found a transporter.
 22693 | Gauntlet | Found a transporter.
 22711 | Gauntlet | Found a large runed translucent door.
 22711 | Gauntlet | Found a large runed translucent door.
 22712 | Gauntlet | Found a large runed translucent door.
 22713 | Gauntlet | Found a large runed translucent door.
 22715 | Gauntlet | Found a transporter.
 22793 | Gauntlet | Found a transporter.
 23203 | Gauntlet | Reached XP level 15. HP: 99/99 MP: 31/31
 23217 | Gauntlet | Got a transparent marble ring
 23232 | Gauntlet | Identified the ring "Ugyloar" {Wiz rPois MP-9 Str+3 Dex+5}
                  | (You found it in a Gauntlet)
 23265 | Gauntlet | Identified the +10 glaive of the Little People {vamp, rPois
                  | Dex+3}
 23335 | D:14     | Reached skill level 12 in Unarmed Combat
 23384 | D:14     | Got a faintly glowing jade amulet
 23385 | D:14     | Identified the amulet of Lesser Demons {MR+ Regen+ Stlth+}
                  | (You found it on level 14 of the Dungeon)
 23470 | D:14     | Got a twitching bone ring
 23473 | D:14     | Identified the ring "Jaxkiasm" {*Contam rPois rC+ AC+3
                  | Slay+4} (You found it on level 14 of the Dungeon)
 23954 | D:14     | Found a gate to the Vaults.
 24017 | D:14     | Learned a level 4 spell: Summon Lightning Spire
 24022 | D:14     | Learned a level 1 spell: Apportation
 24025 | D:14     | Learned a level 2 spell: Passwall
 24041 | D:15     | Entered Level 15 of the Dungeon
 24256 | D:15     | Found a staircase to the Depths.
 24988 | Orc:2    | Entered Level 2 of the Orcish Mines
 24989 | Orc:2    | Found Gucsiy's Antique Weapon Shop.
 24998 | Orc:2    | Reached skill level 13 in Unarmed Combat
 25011 | Orc:2    | Noticed an orc warlord
 25015 | Orc:2    | Reached XP level 16. HP: 107/107 MP: 20/32
 25127 | Orc:2    | Found a staircase to the Elven Halls.
 25158 | Orc:2    | Found Ihuf Poi's Jewellery Emporium.
 25218 | Orc:2    | Found Peamith's Antique Armour Shop.
 25290 | Orc:2    | Reached skill level 10 in Transmutations
 25315 | Orc:2    | Found Duoqem's General Store.
 25327 | Orc:2    | Bought a scroll of identify for 34 gold pieces
 25327 | Orc:2    | Bought a scroll of teleportation for 51 gold pieces
 25327 | Orc:2    | Bought a scroll of teleportation for 51 gold pieces
 25746 | Spider:1 | Entered Level 1 of the Spider Nest
 25866 | Spider:1 | Found a runed translucent door.
 25869 | Spider:1 | Found a shimmering altar of Xom.
 25869 | Spider:1 | Noticed EnegeticOcto's ghost (journeyman DDFi)
 25878 | Spider:1 | Killed EnegeticOcto's ghost
 26035 | Spider:1 | Found a runed translucent door.
 26461 | Spider:2 | Reached skill level 14 in Unarmed Combat
 26678 | Spider:3 | Reached XP level 17. HP: 114/114 MP: 29/33
 26852 | Spider:3 | Reached skill level 10 in Fighting
 27333 | Spider:3 | Identified the +0 buckler of Indecent Exposure {rF+ Regen+
                  | Dex+6} (You acquired it on level 3 of the Spider Nest)
 27333 | Spider:3 | Identified the +3 broad axe of Ybum {vorpal, rC++ SInv}
                  | (You acquired it on level 3 of the Spider Nest)
 27333 | Spider:3 | Identified the Grimoire of Supportive Poisoning (You
                  | acquired it on level 3 of the Spider Nest)
 27340 | Spider:3 | Identified the ring "Tomnig" {AC+2 Str+4} (You acquired it
                  | on level 3 of the Spider Nest)
 27340 | Spider:3 | Identified the +2 hat of Space {Str+3} (You acquired it on
                  | level 3 of the Spider Nest)
 27349 | Spider:3 | Identified the ring "Weuteow" {*Contam rC+ Dex+6 Slay-5}
                  | (You acquired it on level 3 of the Spider Nest)
 28327 | Spider:4 | Entered Level 4 of the Spider Nest
 28354 | Spider:4 | Reached skill level 10 in Invocations
 28735 | Spider:4 | Noticed Mara
 28744 | Spider:4 | Noticed inmateoo's illusion
 28745 | Spider:4 | Killed Mara
 28745 | Spider:4 | Reached skill level 15 in Unarmed Combat
 28820 | Spider:4 | Reached XP level 18. HP: 122/122 MP: 25/35
 29345 | Spider:4 | Got a gossamer rune of Zot
 29463 | Shoals:1 | Entered Level 1 of the Shoals
 30254 | Shoals:2 | You fall into a shaft and drop 1 floor!
 30672 | Shoals:3 | Reached skill level 16 in Unarmed Combat
 30964 | Shoals:4 | Entered Level 4 of the Shoals
 30995 | Shoals:4 | Reached skill level 1 in Air Magic
 31119 | Shoals:4 | Reached skill level 10 in Dodging
 31288 | Shoals:4 | Reached XP level 19. HP: 129/129 MP: 37/37
 31325 | Shoals:4 | Learned a level 6 spell: Deflect Missiles
 31356 | Shoals:4 | Learned a level 9 spell: Shatter
 31648 | Shoals:4 | Got a barnacled rune of Zot
 33088 | D:6      | Bought a scroll of teleportation for 42 gold pieces
 33088 | D:6      | Bought a scroll of teleportation for 42 gold pieces
 33088 | D:6      | Bought a scroll of immolation for 49 gold pieces
 33088 | D:6      | Bought a scroll of teleportation for 42 gold pieces
 33088 | D:6      | Bought a scroll of brand weapon for 280 gold pieces
 33088 | D:6      | Bought a scroll of immolation for 49 gold pieces
 33088 | D:6      | Bought a scroll of fear for 49 gold pieces
 33427 | Slime:1  | Entered Level 1 of the Pits of Slime
 33449 | Slime:1  | Reached skill level 1 in Charms
 33652 | Slime:2  | Reached skill level 17 in Unarmed Combat
 33775 | Slime:2  | Reached skill level 5 in Air Magic
 33840 | Slime:5  | Entered Level 5 of the Pits of Slime
 33935 | Slime:5  | Noticed the Royal Jelly
 33936 | Slime:5  | Found a viscous altar of Jiyva.
 33954 | Slime:5  | Killed the Royal Jelly
 33954 | Slime:5  | Reached skill level 15 in Earth Magic
 33954 | Slime:5  | Reached XP level 20. HP: 69/138 MP: 25/38
 34041 | Slime:5  | Identified the Incunabulum of Enchantment and the Birds
 34157 | Slime:5  | Got a slimy rune of Zot
 34200 | Slime:5  | Identified the Volume of Dusty Stolen Souls
 34521 | Vaults:1 | Entered Level 1 of the Vaults
 34630 | Vaults:1 | Identified the +2 leather armour of Rotoex {rN+ Str+3}
 34732 | Vaults:1 | Reached skill level 5 in Charms
 34899 | Vaults:1 | Found a blossoming altar of Fedhas.
 34917 | Vaults:1 | Reached skill level 18 in Unarmed Combat
 35264 | Vaults:1 | Reached skill level 15 in Spellcasting
 35455 | Vaults:1 | Reached XP level 21. HP: 145/145 MP: 34/40
 36472 | Vaults:2 | Found the +8 glaive of the Guard {elec, +Rage AC+5 SInv}
 37269 | Vaults:3 | Reached XP level 22. HP: 154/154 MP: 32/41
 37563 | Vaults:3 | Found a staircase to the Crypt.
 37927 | Vaults:4 | Found Siwiloago's Distillery.
 37938 | Vaults:4 | Bought a potion of heal wounds for 105 gold pieces
 37938 | Vaults:4 | Bought 2 potions of curing for 126 gold pieces
 37938 | Vaults:4 | Bought a potion of curing for 63 gold pieces
 37938 | Vaults:4 | Bought a potion of curing for 63 gold pieces
 38030 | Vaults:4 | Noticed Donald
 38037 | Vaults:4 | Killed Donald
 38586 | Vaults:4 | Noticed Mennas
 38595 | Vaults:4 | Slain by Mennas

Levels and vault maps discovered:
D:1:      dpeg_arrival_snail, layout_basic, amethyst_killhole
D:2:      layout_loops_ring, grunt_temple_overflow_open, nrook_campfire,
          uniq_sigmund
D:3:      layout_rooms, grunt_temple_overflow_holy_war, old_standard_altar,
          lemuel_doored_altar
D:4:      layout_basic
D:5:      layout_loops_corners, chequers_temple_overflow_statue_of_worship,
          cheibriados_altar_1, first_ration, uniq_blork_the_orc
D:6:      layout_cave_pools, minmay_temple_entry_from_below_a, serial_shops,
          shop_coins, shop, shop, basic_altar, gammafunk_ghost_grave,
          minmay_misc_feat_iff, uniq_menkaure
D:7:      layout_basic, grunt_dithmenos_smoke_and_mirrors,
          gammafunk_temple_overflow_statue
D:8:      layout_loops_ring, lightli_temple_of_fire,
          grunt_lair_entry_orc_guard_hut, serial_undead, serial_undead_b,
          serial_undead_a, serial_undead_a, serial_undead_d, serial_undead_c,
          serial_undead_f, the_bakery, corexii_leaking_fountain,
          fedhas_bush_and_centaur_altar, uniq_prince_ribbit1
D:9:      layout_loops_ring, orc_0_dummy, serial_shops, shop_fountains
D:10:     layout_basic
D:11:     layout_long_grid, nicolae_trove_entry_crossroad
D:12:     layout_rooms
D:13:     lemuel_vampire_tower, layout_cave_pools
D:14:     layout_long_grid, skrybe_vaults_entry_preservation,
          gauntlet_entry_generic, kennysheep_cluttered_room,
          minmay_hollow_rounded_squares
D:15:     grunt_enter_depths_magical_seal, layout_gridville,
          minmay_misc_feat_doors
Lair:1:   layout_loops_ring
Lair:2:   layout_regular_city, elwin_shoals_entry_stream,
          spider_nest_entry_web_field, serial_bayou_shore_b, uniq_urug
Lair:3:   layout_regular_city
Lair:4:   layout_small_grid, serial_bayou_shore_b
Lair:5:   layout_cave_pods
Lair:6:   minmay_lair_end_enchanted_forest, layout_small_grid, slime_altar_2,
          portal_ice_cave_demonic_guard, special_room [special_room_bee]
Shoals:1: layout_shoals
Shoals:2: layout_shoals, nicolae_shoals_flooded_hall
Shoals:3: layout_shoals, nicolae_shoals_loop_pool
Shoals:4: shoals_end_simple, layout_shoals
Spider:1: cheibrodos_spider_deadly_dance, ebering_ghost_xom
Spider:2: layout_spider_delve
Spider:3: layout_chambers, nicolae_spider_cling_ruins
Spider:4: grunt_spider_rune_island, uniq_mara
Slime:1:  layout_caves, special_room [special_room_jelly]
Slime:2:  layout_caves
Slime:3:  layout_caves
Slime:4:  layout_caves
Slime:5
Orc:1:    layout_caves, serial_shops, nicolae_shop_waterfront
Orc:2:    grunt_orc_gardens, layout_diamond_mine, grunt_orc_garden,
          grunt_orc_garden, grunt_orc_garden, grunt_orc_garden
Vaults:1: vaults_room_door_hall, nicolae_vaults_triangles,
          nicolae_vaults_disjoint_gnomons, v_misc_29,
          nicolae_vaults_little_squares_6, st_check, nicolae_vaults_big_ls,
          v_misc_8, vaults_room_semicircle, layout_vaults_omnibox, basic_altar
Vaults:2: vaults_dpeg_cross, minmay_guarded_unrand_guard_vaults,
          hangedman_vaults_pinch, nicolae_vaults_border_crossing,
          hangedman_vaults_trim, v_misc_3, hangedman_vaults_nails,
          nicolae_vaults_mini_display_case, nicolae_vaults_little_squares_6,
          nicolae_vaults_angled_halls, layout_vaults_omnicross
Vaults:3: hangedman_vaults_locks, nicolae_vaults_what_the_h, v_misc_33,
          ontoclasm_vaults_fire_temple, minmay_crypt_entry_vampire_xt,
          v_misc_11, vaults_room_grid, v_misc_17, grunt_vaults_twisty,
          vaults_room_pools, vaults_mumra_hex, vaults_room_large_hall,
          layout_vaults_maze_snakey
Vaults:4: v_misc_8, v_alt_pattern_2, ontoclasm_vaults_loading_screen,
          nicolae_vaults_little_ls, ontoclasm_vaults_pinch, v_misc_2,
          nicolae_vaults_three_branches, layout_vaults_omnigrid, serial_shops,
          nicolae_shop_statue_plus, uniq_donald, uniq_mennas

Skill      XL: |  1  2  3  4  5  6  7  8  9 10 11 12 13 14 15 16 17 18 19 20 21 22 |
---------------+-------------------------------------------------------------------+-----
Stealth        | 3 4 |  4.1
Poison Magic   | 4 5 |  5.1
Unarmed Combat | 1 2 3 4 6 7 8 11 13 14 15 16 17 18 | 18.0
Fighting       | 1 2 3 5 7 8 9 10 11 12 13 14 | 14.7
Transmutations | 2 3 4 6 7 9 10 | 10.0
Dodging        | 3 4 5 6 7 9 10 13 14 | 14.4
Spellcasting   | 3 4 5 7 8 9 11 12 13 14 15 16 | 16.2
Earth Magic    | 6 9 10 11 12 13 14 15 16 | 16.9
Invocations    | 1 3 6 7 8 9 10 | 10.0
Shields        | 4 |  4.0
Air Magic      | 2 5 6 |  6.0
Charms         | 3 6 |  6.0

Action                   |  1- 3 |  4- 6 |  7- 9 | 10-12 | 13-15 | 16-18 | 19-21 | 22-24 || total
-------------------------+-------+-------+-------+-------+-------+-------+-------+-------++-------
Melee: Unarmed           |    43 |       |     3 |   140 |   562 |   555 |   671 |    94 ||  2068
       Constrict         |    14 |    33 |    19 |    48 |   100 |   124 |   100 |    20 ||   458
       Tentacles         |     3 |    15 |    20 |    95 |   187 |   150 |   183 |    26 ||   679
       Dagger            |     9 |   102 |    51 |       |       |       |       |       ||   162
       Flail             |       |       |    76 |   113 |       |       |       |       ||   189
       Punch             |       |       |     1 |    12 |    63 |    86 |   140 |    21 ||   323
 Cast: Sting             |    32 |    10 |     6 |       |       |       |       |       ||    48
       Poisonous Vapours |     6 |    15 |    36 |    51 |     1 |       |       |       ||   109
       Mephitic Cloud    |       |     1 |     4 |     7 |     1 |     1 |       |       ||    14
       Ignite Poison     |       |       |     4 |    25 |    12 |    13 |     5 |       ||    59
       Olgreb's Toxic Ra |       |       |    11 |    22 |    16 |    31 |     9 |       ||    89
       Stone Arrow       |       |       |    20 |     5 |       |       |       |       ||    25
       Lee's Rapid Decon |       |       |       |     1 |    17 |       |       |       ||    18
       Statue Form       |       |       |       |    28 |    66 |    66 |    76 |    14 ||   250
       Summon Lightning  |       |       |       |       |       |     2 |     2 |       ||     4
       Deflect Missiles  |       |       |       |       |       |       |     5 |       ||     5
Invok: Slouch            |       |       |       |       |     3 |     2 |     8 |       ||    13
Evoke: Wand              |       |       |     3 |     1 |       |       |       |       ||     4
       Box of beasts     |       |       |       |       |       |       |       |     3 ||     3
  Use: Potion            |     3 |     1 |       |     1 |       |     2 |       |     3 ||    10
       Scroll            |     2 |    10 |     4 |     8 |    11 |     7 |     4 |       ||    46
 Stab: Sleeping          |     4 |     6 |    13 |    15 |    18 |    13 |    21 |     1 ||    91
       Confused          |       |     1 |       |       |       |       |       |       ||     1
       Paralysed         |       |       |     2 |       |       |       |       |       ||     2
       Distracted        |       |       |       |     1 |     5 |     2 |     5 |       ||    13
  Eat: Chunk             |     5 |     8 |    14 |    15 |    13 |     2 |       |       ||    57
       Ration            |       |       |       |     2 |     6 |     5 |     6 |     1 ||    20
Armor: Skin              |    29 |     6 |     7 |   153 |   410 |   530 |   269 |    31 ||  1435
Dodge: Dodged            |    88 |    62 |    92 |   338 |   737 |  1266 |   896 |   114 ||  3593
       Deflected         |       |       |       |       |       |       |    44 |     5 ||    49
Block: Buckler           |       |       |       |       |   210 |   476 |   357 |    57 ||  1100

Table legend:
 A = Non-vault XP
 B = Vault XP
 C = Vault XP percentage of total XP
 D = Non-vault monster count
 E = Vault monster count
 F = Vault count percentage of total count
                 A         B        C        D         E       F
            +---------+---------+-------+---------+---------+-------
      Total |  350478 |  289394 |  45.2 |    1101 |     541 |  32.9
            +---------+---------+-------+---------+---------+-------
        D:1 |      58 |       0 |   0.0 |      26 |       0 |   0.0
        D:2 |      74 |     231 |  75.7 |      25 |       1 |   3.8
        D:3 |     126 |       0 |   0.0 |      35 |       0 |   0.0
        D:4 |     353 |       0 |   0.0 |       8 |       0 |   0.0
        D:5 |     915 |      87 |   8.7 |      22 |       1 |   4.3
        D:6 |     935 |     169 |  15.3 |      24 |       1 |   4.0
        D:7 |    1077 |       0 |   0.0 |      31 |       0 |   0.0
        D:8 |    2031 |    1683 |  45.3 |      21 |      15 |  41.7
        D:9 |    3146 |       0 |   0.0 |      29 |       0 |   0.0
       D:10 |     525 |       0 |   0.0 |      12 |       0 |   0.0
       D:11 |    5197 |       0 |   0.0 |      18 |       0 |   0.0
       D:12 |    8231 |       0 |   0.0 |      38 |       0 |   0.0
       D:13 |    2603 |    8180 |  75.9 |      19 |      48 |  71.6
       D:14 |    6025 |   10386 |  63.3 |      29 |      22 |  43.1
       D:15 |   14068 |    7743 |  35.5 |      38 |      11 |  22.4
     Lair:1 |    1036 |       0 |   0.0 |       4 |       0 |   0.0
     Lair:2 |    6414 |    2201 |  25.5 |      25 |       5 |  16.7
     Lair:3 |    2398 |       0 |   0.0 |      13 |       0 |   0.0
     Lair:4 |    9134 |       0 |   0.0 |      31 |       0 |   0.0
     Lair:5 |    1461 |       0 |   0.0 |       7 |       0 |   0.0
     Lair:6 |    7086 |   14966 |  67.9 |      24 |      65 |  73.0
   Shoals:1 |   16431 |       0 |   0.0 |      29 |       0 |   0.0
   Shoals:2 |    7908 |    5742 |  42.1 |      20 |      11 |  35.5
   Shoals:3 |   13915 |       0 |   0.0 |      28 |       0 |   0.0
   Shoals:4 |   15696 |   23574 |  60.0 |      35 |      34 |  49.3
   Spider:1 |    7275 |   10953 |  60.1 |      22 |      20 |  47.6
   Spider:2 |   16090 |       0 |   0.0 |      44 |       0 |   0.0
   Spider:3 |   17986 |       0 |   0.0 |      47 |       0 |   0.0
   Spider:4 |   24011 |   33917 |  58.6 |      66 |      44 |  40.0
    Slime:1 |    9865 |   15074 |  60.4 |       9 |      19 |  67.9
    Slime:2 |   18794 |       0 |   0.0 |      40 |       0 |   0.0
    Slime:3 |     391 |       0 |   0.0 |       2 |       0 |   0.0
    Slime:5 |    6352 |   32034 |  83.5 |      18 |      14 |  43.8
      Orc:1 |     545 |       0 |   0.0 |      13 |       0 |   0.0
      Orc:2 |    7896 |    8959 |  53.2 |      57 |      12 |  17.4
   Vaults:1 |   33679 |   40432 |  54.6 |      60 |      60 |  50.0
   Vaults:2 |   29754 |   30796 |  50.9 |      63 |      37 |  37.0
   Vaults:3 |   18251 |   26649 |  59.4 |      26 |      41 |  61.2
   Vaults:4 |   32746 |    4340 |  11.7 |      43 |       5 |  10.4
      IceCv |       0 |    6317 | 100.0 |       0 |      54 | 100.0
   Gauntlet |       0 |    4961 | 100.0 |       0 |      21 | 100.0
            +---------+---------+-------+---------+---------+-------
